Map: Sequencer LE

Players

Gerald

  • Race: Protoss Protoss
  • Spawn Location: 1:00

DnS - Winner!

  • Race: Protoss Protoss
  • Spawn Location: 7:00

Event: WCS Jonkoping 2017

VOD

Have the link to the VOD?

Description

Time

  • Played on: June 17, 2017, 10:19 a.m.
  • Length: 26:46

All games in this series

Show
View Real Time Build Order
Export as new Build Order

Gerald Protoss 

Build Orders:  

Get SALT Encoding   

  12  0:00  Probe (Chrono Boost)  
  13  0:11  Probe (Chrono Boost)  
  14  0:18  Pylon  
  14  0:21  Probe (Chrono Boost)  
  15  0:36  Probe (Chrono Boost), Gateway  
  15  0:41  Assimilator  
  16  0:47  Probe (Chrono Boost)  
  17  0:57  Probe (Chrono Boost)  
  17  0:59  Gateway  
  18  1:08  Probe (Chrono Boost)  
  18  1:09  Assimilator  
  20  1:18  Probe (Chrono Boost)  
  20  1:26  Cybernetics Core  
  20  1:29  Probe (Chrono Boost)  
  21  1:39  Probe (Chrono Boost)  
  22  1:43  Pylon  
  22  1:50  Probe (Chrono Boost)  
  23  2:03  Stalker  
  23  2:04  Mothership Core (Chrono Boost)  
  23  2:06  Stalker  
  29  2:14  Pylon  
  29  2:21  Probe (Chrono Boost)  
  30  2:24  Warp Gate (Chrono Boost)  
  30  2:33  Probe  
  31  2:45  Probe  
  31  2:49  Nexus  
  32  2:58  Probe, Adept  
  34  3:06  Pylon  
  36  3:15  Probe  
  36  3:16  Adept  
  37  3:23  Twilight Council  
  37  3:27  Probe  
  38  3:39  Probe  
  39  3:41  Robotics Facility  
  39  3:51  Probe  
  40  4:01  Probe  
  40  4:03  Probe  
  40  4:04  Blink (Chrono Boost)  
  42  4:11  Stalker  
  42  4:12  Probe  
  42  4:13  Sentry  
  42  4:15  Probe  
  48  4:22  Probe  
  49  4:28  Observer, Probe  
  51  4:33  Probe  
  50  4:38  Assimilator  
  50  4:40  Probe  
  50  4:41  Assimilator  
  50  4:43  Probe  
  52  4:51  Warp Prism  
  52  4:52  Probe  
  55  4:53  Gateway  
  55  4:54  Probe  
  55  4:57  Pylon  
  55  4:59  Gateway  
  56  5:06  Probe x2, Gateway  
  58  5:15  Dark Shrine  
  58  5:16  Probe  
  58  5:18  Probe  
  59  5:25  Stalker  
  59  5:27  Probe  
  60  5:31  Probe  
  62  5:38  Probe  
  62  5:42  Pylon  
  63  5:43  Probe  
  63  5:44  Stalker  
  63  5:48  Probe  
  63  5:49  Pylon  
  68  5:57  Probe  
  68  5:59  Probe, Pylon  
  68  6:00  Immortal  
  72  6:09  Stalker x3  
  78  6:17  Stalker x2  
  82  6:30  Nexus  
  82  6:38  Probe  
  83  6:43  Stalker x3  
  87  6:54  Probe, Pylon  
  88  6:55  Dark Templar  
  90  7:01  Forge  
  90  7:02  Pylon, Probe  
  90  7:08  Dark Templar  
  93  7:12  Pylon  
  93  7:18  Dark Templar x2  
  97  7:32  Probe  
  97  7:34  Probe  
  95  7:40  Immortal  
  95  7:42  Protoss Ground Weapons Level 1 (Chrono Boost)  
  95  7:43  Robotics Bay  
  100  7:44  Probe x2  
  99  7:55  Probe  
  99  7:56  Probe  
  99  8:01  Archon  
  99  8:03  Stalker x5  
  99  8:04  Probe  
  109  8:05  Probe  
  109  8:16  Robotics Facility  
  107  8:23  Probe  
  102  8:32  Probe  
  102  8:33  Probe  
  103  8:35  Stalker x5  
  103  8:39  Disruptor (Chrono Boost), Assimilator x2  
  114  8:41  Probe  
  114  8:47  Photon Cannon  
  118  8:54  Photon Cannon  
  118  8:56  Pylon  
  118  9:01  Stalker x3  
  124  9:11  Probe  
  124  9:13  Disruptor (Chrono Boost)  
  124  9:14  Disruptor (Chrono Boost)  
  131  9:23  Stalker x2  
  135  9:25  Probe x2, Pylon  
  135  9:28  Probe  
  138  9:41  Probe  
  138  9:42  Stalker  
  138  9:44  Disruptor (Chrono Boost)  
  144  9:47  Pylon  
  144  9:49  Pylon  
  144  9:50  Pylon  
  144  9:52  Disruptor (Chrono Boost)  
  147  9:54  Probe  
  143  10:15  Disruptor (Chrono Boost)  
  143  10:16  Stalker  
  143  10:17  Stalker x3  
  143  10:20  Pylon  
  154  10:23  Disruptor (Chrono Boost)  
  154  10:26  Protoss Ground Weapons Level 2  
  143  10:45  Gateway, Nexus  
  143  10:46  Pylon, Stalker, Gateway, Disruptor (Chrono Boost)  
  143  10:48  Assimilator  
  143  10:49  Gateway  
  148  10:52  Assimilator  
  148  10:58  Disruptor (Chrono Boost)  
  151  11:14  Photon Cannon  
  151  11:17  Stalker x5, Disruptor (Chrono Boost)  
  151  11:18  Photon Cannon  
  164  11:30  Photon Cannon  
  164  11:35  Disruptor (Chrono Boost)  
  164  11:50  Disruptor (Chrono Boost)  
  160  11:57  Probe, Stalker x2  
  160  11:58  Stalker x5  
  175  12:17  Stargate x2  
  175  12:28  Dark Templar x3  
  171  12:50  Disruptor (Chrono Boost)  
  172  13:10  Protoss Ground Weapons Level 3  
  151  13:21  Probe  
  151  13:23  Fleet Beacon, Disruptor x2 (Chrono Boost)  
  158  13:29  Dark Templar  
  158  13:33  Probe  
  161  13:40  Dark Templar  
  163  13:43  Zealot  
  163  13:44  Zealot x5  
  175  13:49  Probe  
  175  13:54  Disruptor (Chrono Boost)  
  179  14:00  Disruptor (Chrono Boost)  
  167  14:04  Probe, Dark Templar  
  167  14:05  Dark Templar  
  150  14:12  Zealot x4  
  145  14:28  Dark Templar x2  
  144  14:34  Observer (Chrono Boost)  
  140  14:39  Observer (Chrono Boost)  
  133  14:51  Dark Templar  
  119  14:53  Observer (Chrono Boost)  
  119  14:55  Zealot x4  
  117  15:02  Probe  
  117  15:05  Probe  
  117  15:06  Probe  
  113  15:09  Photon Cannon  
  113  15:10  Photon Cannon  
  113  15:13  Photon Cannon  
  111  15:14  Probe  
  111  15:15  Photon Cannon  
  111  15:17  Probe x2  
  111  15:18  Photon Cannon  
  110  15:26  Probe  
  108  15:29  Probe  
  108  15:34  Stalker x5  
  119  15:42  Disruptor x2 (Chrono Boost)  
  125  15:45  Archon  
  125  15:46  Archon  
  125  15:47  Probe  
  125  15:48  Tempest  
  132  15:55  Probe  
  128  16:17  Probe  
  126  16:19  Probe, Tempest  
  126  16:25  Probe  
  133  16:26  Disruptor x2 (Chrono Boost)  
  140  16:36  Stalker  
  140  16:37  Stalker x4  
  137  17:01  Disruptor (Chrono Boost)  
  137  17:02  Disruptor (Chrono Boost)  
  137  17:04  Tempest  
  149  17:14  Nexus  
  147  17:17  Assimilator  
  147  17:20  Pylon  
  132  17:35  Probe  
  132  17:36  Dark Templar x3  
  139  17:45  Disruptor (Chrono Boost)  
  140  18:03  Disruptor (Chrono Boost)  
  124  18:05  Probe  
  124  18:06  Photon Cannon  
  124  18:07  Probe  
  124  18:10  Photon Cannon  
  125  18:18  Stalker x5  
  129  18:35  Probe  
  129  18:38  Probe  
  129  18:40  Probe  
  131  18:48  Disruptor (Chrono Boost)  
  135  18:50  Warp Prism (Chrono Boost)  
  135  18:54  Probe  
  138  18:56  Stalker x5  
  136  19:19  Disruptor (Chrono Boost)  
  124  19:29  Dark Templar x3  
  130  19:42  Disruptor (Chrono Boost)  
  130  19:58  Probe  
  129  20:00  Stalker  
  129  20:01  Stalker  
  129  20:06  Disruptor (Chrono Boost)  
  136  20:09  Probe  
  136  20:13  Dark Templar  
  135  20:16  Gateway  
  135  20:19  Gateway  
  135  20:20  Gateway  
  133  20:21  Charge  
  133  20:22  Gateway  
  133  20:23  Probe  
  134  20:34  Dark Templar  
  134  20:41  Disruptor (Chrono Boost)  
  137  20:49  Disruptor (Chrono Boost)  
  140  20:55  Pylon  
  140  20:58  Nexus  
  140  21:01  Assimilator  
  134  21:12  Disruptor (Chrono Boost)  
  130  21:20  Disruptor (Chrono Boost)  
  130  21:21  Probe  
  130  21:25  Zealot x5  
  141  21:43  Probe, Disruptor (Chrono Boost)  
  141  21:44  Probe x2  
  139  21:51  Stalker x4, Disruptor (Chrono Boost)  
  150  21:56  Probe  
  124  22:14  Disruptor (Chrono Boost)  
  127  22:19  Stalker x3  
  136  22:22  Disruptor (Chrono Boost)  
  127  22:34  Dark Templar  
  121  22:43  Assimilator  
  121  22:45  Pylon  
  121  22:48  Stalker x3  
  112  23:11  Dark Templar  
  114  23:19  Photon Cannon  
  114  23:24  Nexus  
  114  23:26  Pylon  
  105  23:40  Stalker x5  
  100  23:42  Zealot x3  
  90  23:56  Zealot  
  90  24:01  Disruptor (Chrono Boost)  
  95  24:09  Probe  
  92  24:12  Dark Templar  
  94  24:20  Zealot x8  
  110  24:42  Zealot x6  
  120  24:48  Disruptor (Chrono Boost)  
  123  24:59  Zealot  
  123  25:10  Disruptor (Chrono Boost)  
  117  25:27  Zealot x2  
  117  25:28  Zealot  
  123  25:35  Zealot  
  81  26:04  Nexus  
  81  26:09  Assimilator  
  81  26:11  Disruptor (Chrono Boost)  
  81  26:23  Zealot x5  
  80  26:27  Zealot x3  
Show
View Real Time Build Order
Export as new Build Order

DnS Protoss - Winner!

Build Orders:  

Get SALT Encoding   

  12  0:00  Probe (Chrono Boost)  
  13  0:11  Probe (Chrono Boost)  
  14  0:17  Pylon  
  14  0:22  Probe (Chrono Boost)  
  15  0:35  Probe (Chrono Boost), Gateway  
  16  0:41  Assimilator  
  16  0:46  Probe (Chrono Boost)  
  17  0:51  Assimilator  
  17  0:56  Probe (Chrono Boost)  
  18  1:07  Probe (Chrono Boost), Gateway  
  19  1:17  Probe (Chrono Boost)  
  20  1:22  Cybernetics Core  
  20  1:28  Probe (Chrono Boost)  
  21  1:33  Pylon  
  21  1:38  Probe (Chrono Boost)  
  22  1:49  Probe (Chrono Boost)  
  23  2:00  Mothership Core (Chrono Boost), Adept  
  29  2:01  Adept  
  29  2:04  Warp Gate (Chrono Boost)  
  29  2:13  Pylon  
  29  2:27  Sentry  
  31  2:31  Stalker  
  33  2:51  Nexus  
  33  2:54  Probe  
  34  2:59  Sentry  
  36  3:06  Probe  
  37  3:15  Robotics Facility  
  37  3:18  Probe  
  38  3:25  Pylon  
  38  3:30  Probe  
  39  3:35  Twilight Council  
  39  3:43  Probe (Chrono Boost)  
  40  3:54  Probe (Chrono Boost)  
  40  3:55  Stalker  
  43  4:02  Probe (Chrono Boost)  
  43  4:05  Probe (Chrono Boost)  
  43  4:08  Warp Prism (Chrono Boost)  
  47  4:12  Probe  
  47  4:16  Probe  
  49  4:21  Blink (Chrono Boost)  
  49  4:22  Probe  
  49  4:29  Probe  
  50  4:33  Probe  
  51  4:41  Probe  
  51  4:43  Observer (Chrono Boost)  
  51  4:44  Probe  
  54  4:52  Sentry  
  56  4:53  Probe  
  56  4:54  Assimilator  
  56  4:56  Immortal (Chrono Boost)  
  56  4:57  Forge  
  57  5:02  Pylon, Probe  
  62  5:12  Pylon  
  62  5:13  Assimilator  
  62  5:20  Probe x2  
  64  5:30  Protoss Ground Weapons Level 1 (Chrono Boost)  
  64  5:31  Immortal  
  64  5:32  Probe x2  
  70  5:43  Gateway  
  70  5:44  Gateway  
  70  5:50  Pylon  
  70  5:55  Robotics Bay  
  70  6:00  Pylon  
  70  6:03  Probe x2  
  72  6:14  Observer  
  72  6:15  Probe  
  74  6:20  Sentry, Stalker  
  74  6:21  Probe  
  79  6:27  Probe  
  79  6:33  Probe, Pylon  
  79  6:38  Disruptor  
  79  6:39  Probe  
  81  6:45  Stalker x2, Nexus  
  81  6:46  Pylon  
  84  6:57  Probe x2  
  84  7:01  Stalker x2  
  90  7:09  Probe  
  90  7:10  Stalker x2  
  90  7:11  Disruptor  
  90  7:13  Pylon  
  95  7:18  Probe  
  99  7:23  Protoss Ground Weapons Level 2 (Chrono Boost)  
  99  7:25  Probe  
  100  7:33  Probe  
  101  7:37  Probe  
  101  7:38  Robotics Facility  
  100  7:45  Probe  
  100  7:49  Probe  
  93  7:55  Probe  
  93  7:57  Probe  
  87  8:05  Probe  
  87  8:06  Probe  
  87  8:09  Probe  
  85  8:14  Stalker x3  
  85  8:28  Pylon  
  85  8:30  Probe  
  85  8:31  Probe  
  85  8:32  Probe  
  88  8:41  Probe  
  88  8:43  Probe  
  88  8:44  Probe  
  91  8:52  Probe  
  91  8:55  Probe, Disruptor  
  93  8:56  Probe  
  93  8:59  Disruptor  
  93  9:02  Probe  
  97  9:07  Probe  
  97  9:08  Probe  
  103  9:13  Probe, Pylon  
  104  9:19  Probe  
  104  9:23  Probe x2  
  104  9:24  Protoss Ground Weapons Level 3 (Chrono Boost)  
  105  9:32  Probe  
  105  9:36  Probe, Stalker x2  
  105  9:37  Stalker  
  105  9:38  Probe  
  114  9:40  Assimilator  
  114  9:43  Assimilator  
  114  9:44  Probe  
  115  9:47  Probe  
  116  9:56  Probe  
  116  9:59  Pylon, Photon Cannon  
  117  10:02  Disruptor  
  117  10:03  Stargate  
  114  10:15  Probe x2  
  116  10:22  Stalker x3  
  116  10:24  Stalker  
  116  10:26  Gateway  
  116  10:27  Gateway  
  122  10:40  Charge  
  122  10:43  Disruptor, Nexus  
  122  10:45  Pylon  
  125  10:52  Probe x2  
  125  10:54  Disruptor  
  130  11:08  Oracle  
  131  11:12  Zealot x3  
  131  11:14  Zealot  
  131  11:16  Pylon  
  131  11:18  Photon Cannon, Pylon, Probe x2  
  140  11:19  Disruptor  
  142  11:46  Stalker x4  
  142  11:47  Stalker  
  152  11:52  Warp Prism  
  152  12:07  Probe  
  150  12:09  Probe x2  
  150  12:11  Photon Cannon  
  150  12:13  Pylon  
  150  12:15  Gateway x2  
  153  12:18  Gateway  
  153  12:22  Zealot  
  153  12:23  Zealot x5  
  161  12:38  Dark Shrine  
  161  12:44  Probe  
  161  12:46  Probe  
  161  12:48  Assimilator  
  153  12:51  Probe  
  153  12:53  Stalker x5, Assimilator  
  153  12:54  Stalker  
  153  13:29  Protoss Air Weapons Level 1  
  153  13:30  Zealot x7  
  153  13:31  Zealot x2, Fleet Beacon  
  153  13:33  Stargate  
  171  13:36  Stargate  
  171  13:38  Stargate  
  169  13:54  Photon Cannon  
  129  14:00  Stalker x2, Dark Templar  
  129  14:01  Stalker x6, Disruptor  
  115  14:24  Dark Templar x2  
  115  14:25  Zealot x2  
  115  14:29  Stalker x4  
  121  14:32  Disruptor  
  121  14:34  Dark Templar  
  99  14:59  Dark Templar  
  92  15:00  Dark Templar  
  92  15:04  Stalker x7  
  94  15:15  Disruptor (Chrono Boost)  
  94  15:19  Disruptor (Chrono Boost), Assimilator  
  97  15:21  Probe  
  97  15:22  Probe  
  97  15:23  Probe x2, Pylon  
  95  15:41  Sentry  
  95  15:43  Stalker  
  95  15:44  Stalker x6  
  95  15:48  Pylon  
  109  15:54  Disruptor (Chrono Boost)  
  109  15:56  Dark Templar  
  117  16:11  Disruptor (Chrono Boost)  
  117  16:17  Dark Templar  
  117  16:18  Zealot x3  
  123  16:19  Dark Templar  
  119  16:41  Stalker x4  
  119  16:47  Nexus  
  125  17:00  Stalker x4  
  116  17:06  Stalker x4  
  124  17:15  Disruptor (Chrono Boost)  
  115  17:32  Stalker x6  
  127  17:37  Disruptor (Chrono Boost)  
  127  17:51  Disruptor (Chrono Boost)  
  118  18:05  Zealot  
  118  18:06  Zealot x7  
  134  18:18  Stalker  
  134  18:21  Pylon  
  134  18:23  Assimilator  
  134  18:24  Disruptor (Chrono Boost), Assimilator  
  137  18:31  Zealot x3  
  143  18:40  Observer (Chrono Boost)  
  130  18:52  Stalker x4  
  139  18:56  Observer (Chrono Boost)  
  131  19:24  Nexus  
  131  19:26  Pylon  
  131  19:30  Zealot x5  
  133  19:40  Observer (Chrono Boost)  
  133  19:41  Observer (Chrono Boost)  
  125  20:02  Stalker x5  
  128  20:30  Templar Archives  
  128  20:41  Stalker x3  
  128  20:42  Stalker x2  
  138  20:56  Disruptor (Chrono Boost)  
  141  20:58  Disruptor (Chrono Boost)  
  143  21:14  Zealot x2  
  131  21:27  Disruptor (Chrono Boost), Assimilator  
  131  21:28  High Templar x5  
  131  21:29  High Templar  
  131  21:32  Archon x2  
  146  21:33  Archon  
  146  21:38  Disruptor (Chrono Boost)  
  145  21:52  Stalker x2  
  145  21:53  Stalker  
  141  22:05  Stalker  
  141  22:06  Stalker x5  
  146  22:09  Disruptor (Chrono Boost)  
  146  22:11  Disruptor (Chrono Boost)  
  144  22:39  Stalker x5  
  144  22:40  Disruptor (Chrono Boost)  
  157  22:49  Disruptor (Chrono Boost)  
  145  23:05  Photon Cannon  
  145  23:16  Dark Templar x2  
  145  23:17  Dark Templar  
  123  23:42  Stalker  
  123  23:43  Stalker x3  
  123  23:44  Nexus  
  121  24:01  Stalker x4  
  126  24:14  Stalker x2  
  130  24:29  Archon  
  124  24:46  Stalker x5  
  124  24:50  Pylon  
  124  24:52  Observer (Chrono Boost)  
  135  24:54  Observer (Chrono Boost)  
  136  25:11  Disruptor (Chrono Boost)  
  136  25:12  Disruptor (Chrono Boost)  
  142  25:15  Probe  
  142  25:16  Probe  
  142  25:17  Probe x2  
  142  25:18  Assimilator x2  
  126  26:04  Stalker x8  
  122  26:08  Photon Cannon  
  122  26:10  Observer (Chrono Boost)  
Tags
 
Add a new tag
Caveats
  • Supply blocks, unpowered buildings, or Contaminate may cause inaccurate times.
  • Supply counts are checked every 10 seconds.